 Dungeon Crawl Stone Soup version 0.21.1-1-g345015f (webtiles) character file.

1320 Fang the Chopper (level 8, -8/51 HPs)
             Began as a Gargoyle Berserker on June 4, 2018.
             Was an Elder of Trog.
             Killed from afar by an orc wizard (11 damage)
             ... with a puff of flame
             ... on level 6 of the Dungeon.
             The game lasted 00:10:06 (5920 turns).

Fang the Chopper (Gargoyle Berserker)               Turns: 5920, Time: 00:10:07

Health: -8/51      AC:  7    Str: 22    XL:     8   Next: 59%
Magic:  8/8        EV: 15    Int:  9    God:    Trog [****..]
Gold:   211        SH:  0    Dex:  9    Spells: 7/7 levels left

rFire    . . .     SeeInvis .   a - +1 hand axe
rCold    . . .     Gourm    .   (no shield)
rNeg     + . .     Faith    .   b - +0 animal skin
rPois    ∞         Spirit   .   (no helmet)
rElec    +         Reflect  .   (no cloak)
rCorr    .         Harm     .   (no gloves)
MR       .....                  (no boots)
Stlth    +++.......             (no amulet)
HPRegen  0.17/turn              r - +2 ring of evasion
MPRegen  0.11/turn              p - ring of stealth

@: berserk cooldown, slowed, very slow
A: negative energy resistance 1, electricity resistance, unbreathing,
petrification resistance, rot immunity, AC +5
a: Berserk, Trog's Hand, Brothers in Arms, Burn Spellbooks, Renounce Religion


You were on level 6 of the Dungeon.
You worshipped Trog.
Trog was greatly pleased with you.
You were near starving.

You visited 1 branch of the dungeon, and saw 6 of its levels.

You collected 211 gold pieces.

Inventory:

Hand Weapons
 a - a +1 hand axe (weapon)
Missiles
 l - 6 javelins (quivered)
Armour
 b - a +0 animal skin (worn)
Jewellery
 g - a +5 amulet of reflection {unknown}
 k - an uncursed ring of ice
 o - a +3 ring of dexterity
 p - a ring of stealth (right hand)
 r - a +2 ring of evasion (left hand)
Wands
 u - a wand of digging (2)
Scrolls
 d - 4 scrolls of noise
 e - a scroll of enchant weapon
 j - 2 scrolls of identify
 m - 3 scrolls of remove curse
Potions
 f - a potion of heal wounds {unknown}
 h - a potion of agility
 n - a potion of mutation
 t - 2 potions of brilliance
Comestibles
 c - 9 rations


   Skills:
 + Level 5.7 Fighting
 + Level 7.2 Axes
 + Level 2.4 Armour
 + Level 4.3 Dodging
 + Level 2.5 Stealth


You had 7 spell levels left.
You didn't know any spells.

Dungeon Overview and Level Annotations

Branches:
Dungeon (6/15)             Temple (0/1) D:5

Altars:
Ashenzari
Dithmenos
Elyvilon
Gozag
Okawaru
Sif Muna
Xom


Innate Abilities, Weirdness & Mutations

You are resistant to torment.
Your stone body is resilient. (AC +5)
You are immune to poison.
You resist negative energy. (rN+)
You are resistant to electric shocks. (rElec)
You can survive without breathing.
You are immune to petrification.
You are immune to rotting.


Message History

An orc wizard comes into view. It is wielding a dagger.
Things that are here:
a hand axe of venom; a robe You feel a strong urge to attack something.
Things that are here:
a long sword; a robe The wight hits you from afar with a spear.
* * * LOW HITPOINT WARNING * * *
The wight barely misses you.
Unknown command.
You feel your anger nearly subside.
You are no longer berserk.
Trog's vigour flows through your veins.
You are exhausted.
You feel yourself slow down. The wight closely misses you.
The wight misses you.
There is a stone staircase leading up here.
You can't go down here!
The orc wizard points at you and mumbles some strange words.
The puff of flame hits you!
You die...

#.. #.. #..# #..#
#..# #..### #
#####..#.###.#
#......)@)...#
#........)o.##
####.#.#....zz..#
#........##.......#
#.<>.....#####..###
#.......## ..#
##/#.#... ..# #
#.##... .## # .....


You could see 2 wights and an orc wizard.

Vanquished Creatures
  A sky beast (D:6)
  2 phantoms
  An ogre (D:4)
  A centaur (D:5)
  A bullfrog (D:6)
  A scorpion (D:5)
  A howler monkey (D:5)
  3 wights (D:6)
  3 crimson imps
  2 orc priests
  A centaur skeleton (D:6)
  3 orc wizards
  A bullfrog skeleton (D:4)
  Jessica (D:3)
  2 worker ants
  7 gnolls
  6 adders
  An ooze (D:3)
  An adder zombie (D:5)
  2 worms (D:3)
  A dart slug (D:3)
  A leopard gecko (D:2)
  12 orcs
  A ball python (D:3)
  10 giant cockroaches
  10 goblins
  10 hobgoblins
  2 jackals (D:3)
  3 quokkas
  A ball python skeleton (D:4)
  14 bats
  8 frilled lizards
  7 kobolds
  A leopard gecko skeleton (D:2)
  2 quokka zombies (D:4)
  10 rats
134 creatures vanquished.

Notes
Turn   | Place    | Note
-------+----------+-------------------------------------------
     0 | D:1      | Fang the Gargoyle Berserker began the quest for the Orb.
     0 | D:1      | Reached XP level 1. HP: 14/14 MP: 1/1
    41 | D:1      | Reached XP level 2. HP: 15/19 MP: 2/2
   140 | D:1      | Reached skill level 3 in Axes
   208 | D:1      | Found a deep blue altar of Sif Muna.
   335 | D:1      | Reached XP level 3. HP: 22/24 MP: 3/3
   426 | D:1      | Reached ** piety under Trog
  1167 | D:2      | Reached XP level 4. HP: 27/29 MP: 4/4
  1604 | D:2      | Found a deep blue altar of Sif Muna.
  1775 | D:3      | Reached skill level 4 in Axes
  1782 | D:3      | Reached XP level 5. HP: 33/33 MP: 5/5
  1838 | D:3      | Noticed Jessica
  1846 | D:3      | Killed Jessica
  1867 | D:3      | Found a shimmering altar of Xom.
  1893 | D:3      | Found an iron altar of Okawaru.
  2004 | D:3      | Reached *** piety under Trog
  2004 | D:3      | Reached skill level 1 in Stealth
  2326 | D:3      | Found a shadowy altar of Dithmenos.
  2339 | D:3      | Found an iron altar of Okawaru.
  2340 | D:3      | Found an opulent altar of Gozag.
  2341 | D:3      | Found a shattered altar of Ashenzari.
  2343 | D:3      | Found a white marble altar of Elyvilon.
  2433 | D:3      | Reached XP level 6. HP: 26/38 MP: 6/6
  3602 | D:5      | Entered Level 5 of the Dungeon
  3683 | D:5      | Noticed a phantom
  3708 | D:4      | Reached skill level 5 in Axes
  3708 | D:4      | Reached XP level 7. HP: 23/44 MP: 7/7
  4340 | D:5      | Found a staircase to the Ecumenical Temple.
  4709 | D:5      | Reached skill level 6 in Axes
  4850 | D:5      | Reached **** piety under Trog
  4877 | D:5      | Reached skill level 5 in Fighting
  4877 | D:5      | Reached XP level 8. HP: 10/49 MP: 8/8
  5617 | D:6      | Reached skill level 7 in Axes
  5918 | D:6      | HP: 2/76 [wight/spear (3)]
  5920 | D:6      | Killed from afar by an orc wizard

Skill      XL: |  1  2  3  4  5  6  7  8 |
---------------+-------------------------+-----
Axes           | 3 4 5 6 7 |  7.2
Dodging        | 2 3 4 |  4.3
Fighting       | 4 5 |  5.7
Stealth        | 1 2 |  2.5
Armour         | |  2.4

Action                   |  1- 3 |  4- 6 |  7- 9 || total
-------------------------+-------+-------+-------++-------
Melee: Hand axe          |   142 |   194 |   222 ||   558
Invok: Berserk           |     1 |     4 |     4 ||     9
  Use: Scroll            |       |       |     8 ||     8
       Potion            |       |       |     3 ||     3
 Stab: Sleeping          |     1 |     4 |       ||     5
  Eat: Chunk             |     1 |    10 |     9 ||    20
       Ration            |       |     1 |       ||     1
Armor: Animal skin       |    81 |    79 |    73 ||   233
Dodge: Dodged            |   110 |   162 |   208 ||   480
